Map: Lerilak Crest

Players

LilDicky - Winner!

  • Race: Terran Terran
  • League: Diamond

ASURA

  • Race: Protoss Protoss
  • League: Diamond

VOD

http://www.twitch.tv/tumescentpie

Description

Time

  • Played on: Dec. 23, 2015, 7:31 p.m.
  • Length: 6:00
Show
View Real Time Build Order
Export as new Build Order

LilDicky Terran - Winner!

Build Orders: MMM Bio 

Get SALT Encoding   

  12  0:01  SCV  
  13  0:13  SCV  
  14  0:17  Supply Depot  
  14  0:25  SCV  
  15  0:33  Refinery  
  15  0:39  SCV  
  16  0:50  Barracks  
  16  0:51  SCV  
  17  1:03  SCV  
  18  1:15  SCV  
  19  1:30  SCV  
  20  1:37  Supply Depot, Marine  
  21  1:48  Factory, Orbital Command  
  21  1:54  Marine  
  22  2:02  Barracks  
  22  2:06  Barracks  
  22  2:14  SCV, Refinery  
  23  2:24  Barracks Reactor  
  23  2:26  SCV  
  24  2:39  SCV  
  25  2:50  Widow Mine  
  25  2:51  SCV  
  28  2:54  Barracks Tech Lab x2  
  27  3:03  SCV, Supply Depot, Marine x2  
  30  3:14  Combat Shields  
  30  3:15  Supply Depot, Stimpack, SCV  
  31  3:24  Marine, Widow Mine  
  34  3:29  Marine x2  
  34  3:30  Marine  
  34  3:31  SCV  
  38  3:40  Starport  
  38  3:50  Supply Depot  
  38  3:52  SCV  
  38  3:53  Marine x2  
  39  4:04  Marine x2  
  39  4:07  SCV  
  42  4:12  Marine x2  
  42  4:13  Supply Depot  
  44  4:20  Medivac  
  44  4:21  Marine  
  44  4:23  Supply Depot  
  47  4:27  Marine  
  47  4:30  Marine  
  47  4:31  Marine  
  50  4:40  Marauder  
  52  4:53  Marauder, Marine  
  52  4:54  Concussive Shells  
  52  4:55  Medivac  
  55  5:01  Widow Mine, Marauder  
  55  5:04  Marine  
  61  5:15  Marauder  
  61  5:18  Orbital Command  
  60  5:29  Marine x2  
  60  5:35  Marine  
Show
View Real Time Build Order
Export as new Build Order

ASURA Protoss 

Build Orders:  

Get SALT Encoding   

  12  0:01  Probe (Chrono Boost)  
  13  0:12  Probe (Chrono Boost)  
  14  0:19  Pylon  
  14  0:22  Probe (Chrono Boost)  
  15  0:37  Probe (Chrono Boost)  
  15  0:41  Gateway  
  16  0:48  Probe (Chrono Boost)  
  17  0:58  Probe (Chrono Boost)  
  17  1:03  Assimilator  
  18  1:09  Probe (Chrono Boost)  
  19  1:19  Probe (Chrono Boost)  
  20  1:30  Cybernetics Core, Probe (Chrono Boost)  
  21  1:34  Pylon  
  21  1:40  Probe (Chrono Boost)  
  22  1:51  Probe (Chrono Boost)  
  23  2:01  Probe (Chrono Boost)  
  23  2:06  Warp Gate  
  23  2:08  Adept (Chrono Boost), Nexus  
  26  2:10  Pylon  
  26  2:17  Probe (Chrono Boost)  
  27  2:23  Pylon  
  28  2:35  Mothership Core (Chrono Boost)  
  29  2:40  Assimilator  
  29  2:45  Pylon  
  29  2:53  Probe (Chrono Boost)  
  30  3:04  Probe (Chrono Boost)  
  31  3:10  Robotics Facility  
  31  3:12  Gateway  
  31  3:14  Probe (Chrono Boost)  
  31  3:15  Gateway  
  32  3:22  Gateway  
  32  3:25  Probe (Chrono Boost)  
  32  3:26  Probe (Chrono Boost)  
  29  3:46  Probe (Chrono Boost)  
  29  3:47  Probe (Chrono Boost)  
  31  3:56  Probe (Chrono Boost)  
  31  4:00  Probe (Chrono Boost)  
  32  4:04  Warp Prism (Chrono Boost)  
  32  4:06  Probe (Chrono Boost)  
  35  4:12  Probe  
  36  4:18  Probe  
  36  4:23  Probe  
  37  4:30  Probe  
  36  4:32  Adept x2  
  36  4:33  Probe  
  36  4:37  Observer (Chrono Boost)  
  42  4:42  Probe  
  42  4:44  Probe  
  44  4:54  Probe x2  
  42  5:05  Probe  
  42  5:06  Probe  
  44  5:18  Probe  
  45  5:21  Adept x2  
  45  5:22  Adept x2  
  51  5:41  Adept x3  
  51  5:42  Adept  
Tags
 
Add a new tag
Caveats
  • Supply blocks, unpowered buildings, or Contaminate may cause inaccurate times.
  • Supply counts are checked every 10 seconds.